 Dungeon Crawl Stone Soup version 0.17.1-3-g152610e (webtiles) character file.

30580 Gargoyl the Protected (level 13, -6/101 HPs)
             Began as a Demonspawn Abyssal Knight on Mar 20, 2016.
             Was the Champion of Lugonu.
             Mangled by Rupert
             ... wielding a +3 great sword of holy wrath
              (17 damage)
             ... on level 7 of the Lair of Beasts.
             The game lasted 00:41:25 (18206 turns).

Gargoyl the Protected (Demonspawn Abyssal Knight)  Turns: 18206, Time: 00:41:25

Health: -6/101     AC: 26    Str: 21    XL:     13   Next: 21%
Magic:  16/16      EV: 14    Int: 13    God:    Lugonu [******]
Gold:   860        SH: 14    Dex: 20    Spells: 0 memorised, 12 levels left

rFire  + . .     SeeInvis .     P - +2 broad axe (flame)
rCold  . . .     Clarity  .     D - +1 plate armour {rF+}
rNeg   . . .     SustAt   .     r - +0 shield
rPois  .         Gourm    .     (helmet restricted)
rElec  .         Spirit   .     J - +0 cloak
rCorr  .         Warding  .     B - +2 pair of gloves
rMut   .         Stasis   .     e - +1 pair of boots
MR     +....                    p - amulet of regeneration
Stlth  ..........               U - ring of protection from magic
                                s - +2 ring of slaying

@: mighty, agile, somewhat resistant to hostile enchantments, extremely
unstealthy
A: antennae 1, talons 2, large bone plates 1, powered by death 1, spiny 2, spit
poison 1
a: Spit Poison, Depart the Abyss, Bend Space, Banish, Corrupt, Enter the Abyss,
Brand Weapon With Distortion, Renounce Religion


You were on level 7 of the Lair of Beasts.
You worshipped Lugonu.
Lugonu was exalted by your worship.
You were not hungry.

You visited 2 branches of the dungeon, and saw 17 of its levels.
You visited the Abyss 2 times.
You also visited: Bailey.

You collected 1303 gold pieces.
You spent 443 gold pieces at shops.

Inventory:

Hand Weapons
 a - the cursed +2 morningstar of Courage {freeze, +Rage rF++ Stlth+}
   (You found it on level 5 of the Lair of Beasts)

   It has been specially enchanted to freeze those struck by it, causing extra
   injury to most foes and up to half again as much damage against particularly
   susceptible opponents.
   It can also slow down cold-blooded creatures.
   It greatly protects you from fire.
   It lets you go berserk.
   It makes you more stealthy.
   It has a curse placed upon it.
 P - a +2 broad axe of flaming (weapon)
Missiles
 R - a javelin (quivered)
Armour
 e - a +1 pair of boots (worn)
 r - a +0 shield (worn)
 z - a +2 helmet
 B - a +2 pair of gloves (worn)
 D - a +1 plate armour of fire resistance (worn)
 J - a +0 cloak (worn)
Jewellery
 b - an uncursed ring of flight
 o - an uncursed ring of protection from magic
 p - an amulet of regeneration (around neck)
 s - a +2 ring of slaying (left hand)
 U - a ring of protection from magic (right hand)
Wands
 n - a wand of cold (8)
 F - a wand of digging (12)
 G - a wand of heal wounds (9)
 I - a wand of draining (3)
Scrolls
 g - a scroll of recharging
 h - 9 scrolls of remove curse
 i - 5 scrolls of teleportation
 j - a scroll of amnesia
 q - 4 scrolls of identify
 y - 2 scrolls of blinking
 E - a scroll of enchant armour
 N - 3 scrolls of fear
 T - a scroll of magic mapping
Potions
 d - 2 potions of might
 f - a potion of haste
 u - 2 potions of agility
 v - 2 potions of invisibility
 w - a potion of brilliance
 x - 2 potions of poison
 A - 3 potions of heal wounds
 C - a potion of flight
 H - 2 potions of curing
Comestibles
 c - 13 bread rations
 k - 3 slices of pizza
 l - 11 royal jellies
 m - 5 meat rations
 t - 6 fruits
 M - 6 beef jerkies


   Skills:
 + Level 9.0 Fighting
 + Level 9.9 Axes
 + Level 3.2 Throwing
 * Level 12.4 Armour
 + Level 5.9 Dodging
 + Level 1.4 Stealth
 + Level 8.6 Shields
 + Level 4.4 Invocations


You had 12 spell levels left.
You didn't know any spells.

Dungeon Overview and Level Annotations

Branches:
Dungeon (10/15)            Temple (0/1) D:6            Lair (7/8) D:10
 Shoals (0/4) Lair:4        Snake (0/4) Lair:6        Slime (0/6) Lair:6
    Orc: D:9-12

Altars:
Ashenzari
Cheibriados
Dithmenos
Kikubaaqudgha
Makhleb
Nemelex Xobeh
Okawaru
Qazlal
Sif Muna
Trog
Vehumet
Xom
Yredelemnul
Zin
Jiyva

Shops:
D:4 *   D:7 *   D:8 !

Annotations:
Lair:7 Rupert
Abyss:1 Sonja


Innate Abilities, Weirdness & Mutations

You have razor-sharp toenails.
You are partially covered in large bone plates (AC +2, SH +2).
You regenerate a little health from kills.
You are mostly covered in sharp spines.
You have a pair of small antennae on your head.
You can spit weak poison.


Message History

You slash Rupert! You burn Rupert.
Rupert is heavily wounded.
You block Rupert's attack. x2
You slice Rupert!! You burn Rupert!
Rupert is severely wounded.
Rupert hits you but does no damage.
You barely miss Rupert.
Rupert is severely wounded.
Rupert hits you with a great sword of holy wrath.
You convulse.
You slice Rupert!! You burn Rupert!
Rupert is almost dead.
Rupert hits you but does no damage. Rupert is struck by your spines.
Rupert hits you with a great sword of holy wrath!!!
You convulse!!!
* * * LOW HITPOINT WARNING * * *
You barely miss Rupert.
Rupert is almost dead.
Rupert hits you with a great sword of holy wrath!
You die...

(.............#
.(............#
........:.....#
...(.....#.....
#...(..........
##....(........#
#....#.@........
......#.@.#....
#.....#....##...#
#..............P#
#.P............P#
#P..............#
................#
...............#
...............##
...............P#


You could see Rupert (berserk).

Vanquished Creatures
  3 hydras
  Harold (Lair:3)
  Erolcha (D:10)
  Erica (D:8)
  Urug (Lair:1)
  The ghost of onwiheg the Spear-Bearer, a novice CeFi of Qazlal (D:8)
  Joseph (D:9)
  9 elephants
  4 black mambas
  4 spiny frogs
  A fire drake (Lair:1)
  A queen bee (Lair:3)
  7 komodo dragons
  A troll (D:9)
  5 blink frogs
  14 yaks
  3 deep elf magi (D:9)
  2 basilisks
  2 hungry ghosts
  7 hippogriffs
  Menkaure (D:7)
  2 nagas (Lair:6)
  7 water moccasins
  3 ice beasts
  9 wolves
  9 porcupines
  5 black bears
  4 phantoms
  8 ogres
  A sky beast (D:6)
  A big kobold (D:9)
  10 crocodiles
  Blork the orc (D:6)
  9 gnoll sergeants
  16 giant frogs
  A wyvern skeleton (D:6)
  31 killer bees
  7 scorpions
  3 wights (D:7)
  4 crimson imps
  2 jellies
  3 orc priests
  6 gnoll shamans (Bailey)
  4 hounds
  9 iguanas
  2 giant frog skeletons
  12 worker ants
  10 orc wizards
  A statue (D:4)
  24 sheep
  2 hound skeletons
  21 gnolls
  13 adders
  46 river rats
  A shadow imp (D:9)
  2 oozes
  2 worms
  6 giant geckos
  47 orcs
  7 giant cockroaches
  12 goblins
  7 hobgoblins
  9 jackals
  11 kobolds
  6 quokkas
  8 bats
  A giant gecko skeleton (D:6)
  10 giant newts (D:1)
  A jackal zombie (D:6)
  10 rats
  A fungus (Lair:6)
  3 plants
500 creatures vanquished.

Vanquished Creatures (others)
  A river rat (Lair:3)
  4 fungi
  3 plants
8 creatures vanquished.

Grand Total: 508 creatures vanquished

Notes
Turn   | Place    | Note
--------------------------------------------------------------
     0 | Abyss:1  | Gargoyl the Demonspawn Abyssal Knight began the quest for the Orb.
     0 | Abyss:1  | Reached XP level 1. HP: 18/18 MP: 2/2
    71 | Abyss:1  | Noticed a large abomination
    93 | Abyss:1  | Noticed a starcursed mass
    98 | D:1      | Escaped the Abyss
   270 | D:1      | Reached skill level 1 in Dodging
   356 | D:1      | Reached * piety under Lugonu
   390 | D:1      | Gained mutation: You are partially covered in large bone plates (AC +2, SH +2). [demonic ancestry]
   390 | D:1      | Reached XP level 2. HP: 16/24 MP: 3/3
  1059 | D:1      | Gained mutation: You are partially covered in sharp spines. [demonic ancestry]
  1059 | D:1      | Reached XP level 3. HP: 20/29 MP: 3/5
  1201 | D:2      | Found a glowing silver altar of Zin.
  1664 | D:2      | Found a basalt altar of Yredelemnul.
  1734 | D:2      | Found a bloodstained altar of Trog.
  1786 | D:2      | Reached ** piety under Lugonu
  1889 | D:2      | Found a burning altar of Makhleb.
  1894 | D:2      | Reached XP level 4. HP: 37/37 MP: 6/6
  2061 | D:2      | Found a deep blue altar of Sif Muna.
  2459 | D:3      | Gained mutation: You have sharp toenails. [demonic ancestry]
  2459 | D:3      | Reached XP level 5. HP: 42/42 MP: 7/7
  2461 | D:3      | Reached skill level 4 in Fighting
  3100 | D:4      | Found a shattered altar of Ashenzari.
  3124 | D:4      | Reached *** piety under Lugonu
  3141 | D:4      | Found Qoip's General Store.
  3160 | D:4      | Bought a +0 pair of gloves for 45 gold pieces
  3296 | D:4      | Found a radiant altar of Vehumet.
  3310 | D:4      | Reached XP level 6. HP: 48/48 MP: 8/8
  3358 | D:4      | Found a sparkling altar of Nemelex Xobeh.
  3385 | D:4      | Noticed a phantom
  3450 | D:4      | Killed a phantom
  3715 | D:4      | Reached skill level 1 in Shields
  4001 | D:4      | Gained mutation: You have razor-sharp toenails. [demonic ancestry]
  4001 | D:4      | Reached XP level 7. HP: 31/54 MP: 9/9
  4144 | D:4      | Found a snail-covered altar of Cheibriados.
  4160 | D:4      | Reached skill level 1 in Stealth
  4161 | D:4      | Found an iron altar of Okawaru.
  4312 | D:4      | Found an ancient bone altar of Kikubaaqudgha.
  4374 | D:5      | Entered Level 5 of the Dungeon
  4720 | D:5      | Reached **** piety under Lugonu
  4726 | D:5      | Reached skill level 5 in Armour
  5219 | D:5      | Reached XP level 8. HP: 61/61 MP: 10/10
  5408 | D:6      | Noticed Blork the orc
  5416 | D:6      | Killed Blork the orc
  5416 | D:6      | Reached skill level 1 in Throwing
  5594 | D:6      | Found a staircase to the Ecumenical Temple.
  5941 | D:6      | Reached skill level 6 in Armour
  6215 | D:6      | Reached skill level 5 in Fighting
  6215 | D:6      | Reached XP level 9. HP: 63/68 MP: 11/11
  6560 | D:7      | Reached skill level 5 in Axes
  6776 | D:7      | Noticed Menkaure
  6782 | D:7      | Killed Menkaure
  6822 | D:7      | Reached ***** piety under Lugonu
  6822 | D:7      | Reached skill level 7 in Armour
  6829 | D:7      | Gained mutation: Your system is resistant to poisons. [potion of mutation]
  6829 | D:7      | Gained mutation: Scrolls take you a little longer to read. [potion of mutation]
  6829 | D:7      | Gained mutation: You can spit weak poison. [potion of mutation]
  7442 | D:7      | Found Akuheg's General Store.
  7446 | D:7      | Bought a scroll of teleportation for 39 gold pieces
  7488 | D:7      | Reached skill level 5 in Dodging
  7785 | D:8      | Noticed Erica
  7797 | D:8      | Killed Erica
  7797 | D:8      | Reached skill level 8 in Armour
  7797 | D:8      | Gained mutation: You are mostly covered in sharp spines. [demonic ancestry]
  7797 | D:8      | Reached XP level 10. HP: 37/76 MP: 12/12
  8084 | D:8      | Found a stormy altar of Qazlal.
  8123 | D:8      | Reached skill level 5 in Shields
  8241 | D:7      | Bought a +0 broad axe of flaming for 119 gold pieces
  8392 | D:8      | Noticed onwiheg's ghost (novice CeFi)
  8755 | D:8      | Found Yzew's Distillery.
  8763 | D:8      | Bought 2 potions of heal wounds for 150 gold pieces
  8763 | D:8      | Bought a potion of curing for 45 gold pieces
  8763 | D:8      | Bought a potion of curing for 45 gold pieces
  8849 | D:8      | Killed onwiheg's ghost
  8917 | D:8      | Found a shadowy altar of Dithmenos.
  9341 | D:9      | Noticed Joseph
  9352 | D:9      | Killed Joseph
  9352 | D:9      | Reached skill level 9 in Armour
  9400 | D:9      | Found a shimmering altar of Xom.
  9400 | D:9      | Found a shimmering altar of Xom.
  9400 | D:9      | Found a shimmering altar of Xom.
  9401 | D:9      | Found a shimmering altar of Xom.
  9404 | D:9      | Found a shimmering altar of Xom.
 10126 | D:10     | Entered Level 10 of the Dungeon
 10138 | D:10     | Noticed Erolcha
 10144 | D:10     | Killed Erolcha
 10144 | D:10     | Reached XP level 11. HP: 64/83 MP: 13/13
 10226 | D:10     | Found a flagged portal.
 10238 | Bailey   | Entered a bailey
 11127 | D:10     | Got a dazzling mace
 11130 | D:10     | Identified the +11 mace "Elulioj" {distort, *Corrode rF+ SInv} (You found it on level 10 of the Dungeon)
 11296 | D:10     | Reached ****** piety under Lugonu
 11323 | D:10     | Found a staircase to the Lair.
 11674 | Lair:1   | Entered Level 1 of the Lair of Beasts
 11703 | Lair:1   | Reached skill level 10 in Armour
 12320 | Lair:1   | Noticed Urug
 12336 | Lair:1   | Killed Urug
 12386 | Lair:1   | Noticed an eight-headed hydra
 12397 | Lair:1   | Killed a five-headed hydra
 12698 | Lair:1   | Noticed a five-headed hydra
 12703 | Lair:1   | Killed a two-headed hydra
 12703 | Lair:1   | Reached skill level 11 in Armour
 13527 | Lair:2   | Gained mutation: You regenerate a little health from kills. [demonic ancestry]
 13527 | Lair:2   | Reached XP level 12. HP: 34/92 MP: 14/14
 14348 | Lair:3   | Noticed Sonja
 14565 | Lair:3   | Noticed Harold
 14586 | Lair:3   | Killed Harold
 14718 | Lair:3   | Cast into the Abyss (Sonja)
 14754 | Abyss:1  | Noticed a tentacled monstrosity
 14754 | Lair:3   | Escaped the Abyss
 15210 | Lair:3   | Banished Sonja
 15840 | Lair:4   | Reached skill level 12 in Armour
 16382 | Lair:4   | Found a staircase to the Shoals.
 16695 | Lair:5   | Got an iridescent morningstar
 16698 | Lair:5   | Identified the cursed +2 morningstar of Courage {freeze, +Rage rF++ Stlth+} (You found it on level 5 of the Lair of Beasts)
 16774 | Lair:5   | Gained mutation: Your magical capacity is low (-10% MP). [potion of mutation]
 16774 | Lair:5   | Gained mutation: You expend magic power (3 MP) to strengthen your wands. [potion of mutation]
 16775 | Lair:5   | Gained mutation: You have a pair of small antennae on your head. [potion of beneficial mutation]
 16777 | Lair:5   | Lost mutation: Your magical capacity is low (-10% MP). [potion of cure mutation]
 16777 | Lair:5   | Lost mutation: Your system is resistant to poisons. [potion of cure mutation]
 16777 | Lair:5   | Lost mutation: Scrolls take you a little longer to read. [potion of cure mutation]
 16777 | Lair:5   | Lost mutation: You expend magic power (3 MP) to strengthen your wands. [potion of cure mutation]
 16810 | Lair:5   | Identified a -1 rod of shadows (13/13) (You found it on level 8 of the Dungeon)
 17322 | Lair:6   | Reached XP level 13. HP: 87/100 MP: 16/16
 17458 | Lair:6   | Found a staircase to the Slime Pits.
 17460 | Lair:6   | Found a viscous altar of Jiyva.
 17603 | Lair:6   | Noticed a six-headed hydra
 17616 | Lair:6   | Killed a two-headed hydra
 17651 | Lair:6   | Found a staircase to the Snake Pit.
 18192 | Lair:7   | Noticed Rupert
 18206 | Lair:7   | Mangled by Rupert

Action                   |  1- 3 |  4- 6 |  7- 9 | 10-12 | 13-15 || total
-------------------------+-------+-------+-------+-------+-------++-------
Melee: Hand axe          |    82 |   116 |       |       |       ||   198
       War axe           |       |    20 |   239 |    17 |       ||   276
       Broad axe         |       |       |       |   572 |    90 ||   662
Throw: Tomahawk          |       |       |    19 |     5 |       ||    24
       Javelin           |       |       |       |       |     6 ||     6
Invok: Depart the Abyss  |     1 |       |       |     1 |       ||     2
       Banish            |       |       |       |     2 |       ||     2
  Use: Scroll            |       |       |    17 |    16 |       ||    33
       Potion            |       |       |     7 |    12 |     2 ||    21
  Eat: Chunk             |     3 |     6 |    15 |    22 |       ||    46
       Bread ration      |       |     1 |       |       |       ||     1
       Meat ration       |       |       |     1 |       |       ||     1
       Beef jerky        |       |       |     1 |       |       ||     1
       Fruit             |       |       |       |     4 |       ||     4
       Royal jelly       |       |       |       |     3 |     2 ||     5
